 Dungeon Crawl Stone Soup version 0.29-a0-231-g945431f764 (webtiles) character file.

Game seed: 3456487782289378379

6337 Hasart the Archer (level 10, -17/84 HPs)
             Began as a Demigod Hunter on Feb 28, 2022.
             Demolished by Harold
             ... wielding a +2 glaive of freezing
              (23 damage)
             ... on level 8 of the Dungeon.
             The game lasted 00:20:36 (9385 turns).

Hasart the Archer (Demigod Hunter)                  Turns: 9385, Time: 00:20:37

Health: -17/84     AC:  5    Str: 13    XL:     10   Next: 38%
Magic:  13/13      EV: 17    Int: 13    God:
Gold:   602        SH:  0    Dex: 26    Spells: 9/9 levels left

rFire   . . .      SeeInvis .   a - +2 shortbow
rCold   . . .      Faith    .   (shield currently unavailable)
rNeg    . . .      Spirit   .   H - +0 troll leather armour
rPois   .          Reflect  .   (no helmet)
rElec   .          Harm     .   (no cloak)
rCorr   +          Rampage  .   y - +0 pair of gloves
Will    +....                   (no boots)
Stlth   ++++......              r - amulet of regeneration
HPRegen 1.84/turn               g - ring of resist corrosion
MPRegen 0.13/turn               B - ring of flight

@: mighty, flying
A: high MP 1, forlorn, divine attributes
a: no special abilities


You were on level 8 of the Dungeon.
You visited 1 branch of the dungeon, and saw 10 of its levels.
You also visited: Sewer and Ossuary.

You collected 602 gold pieces.

Inventory:

Hand Weapons
 a - a +2 shortbow (weapon)
Missiles
 o - 2 curare-tipped darts
 G - a throwing net
Armour
 b - a +0 leather armour
 j - +0 steam dragon scales
 y - a +0 pair of gloves (worn)
 H - a +0 troll leather armour (worn)
Jewellery
 g - a ring of resist corrosion (left hand)
 r - an amulet of regeneration (around neck)
 s - an amulet of reflection
 B - a ring of flight (right hand)
Wands
 C - a wand of charming (5)
 D - a wand of mindburst (4)
 F - a wand of flame (22)
Scrolls
 c - a scroll of enchant weapon
 d - 2 scrolls of fog
 e - 2 scrolls of identify
 m - a scroll of magic mapping
 E - a scroll of teleportation
Potions
 f - 2 potions of attraction
 h - 6 potions of curing
 i - 3 potions of heal wounds
 k - 2 potions of haste {unknown}
 l - a potion of magic {unknown}
 n - 2 potions of mutation
 p - 2 potions of might
 q - a potion of degeneration {unknown}
 t - 3 potions of flight
 u - 3 potions of invisibility
 v - 3 potions of berserk rage
 w - 3 potions of brilliance
 x - 3 potions of cancellation
 z - 2 potions of resistance {unknown}
 A - a potion of lignification {unknown}


   Skills:
 + Level 6.5 Fighting
 * Level 9.6 Bows
 + Level 6.4 Dodging
 + Level 6.8 Stealth
 + Level 4.9 Evocations


You had 9 spell levels left.
You didn't know any spells.
Your spell library contained the following spells:

 Spells                   Type           Power      Damage    Failure   Level
 Magic Dart               Conj           0%         1d3       36%         1
 Sandblast                Erth           0%         2d4       36%         1
 Call Imp                 Summ           0%         N/A       52%         2
 Corpse Rot               Necr/Air       0%         N/A       52%         2
 Ensorcelled Hibernation  Hex/Ice        0%         N/A       52%         2
 Passwall                 Tmut/Erth      0%         N/A       52%         2
 Poisonous Vapours        Pois/Air       0%         N/A       52%         2
 Sublimation of Blood     Necr           0%         N/A       52%         2
 Mephitic Cloud           Conj/Pois/Air  0%         N/A       75%         3
 Ozocubu's Armour         Ice            0%         N/A       75%         3
 Stone Arrow              Conj/Erth      0%         3d7       75%         3
 Swiftness                Air            0%         N/A       75%         3
 Passage of Golubria      Tloc           0%         N/A       98%         4
 Petrify                  Tmut/Erth      0%         N/A       98%         4
 Blade Hands              Tmut           0%         N/A       100%        5
 Irradiate                Conj/Tmut      0%         3d13      100%        5
 Metabolic Englaciation   Hex/Ice        0%         N/A       100%        5
 Silence                  Hex/Air        0%         N/A       100%        5
 Simulacrum               Ice/Necr       0%         N/A       100%        6
 Dragon Form              Tmut           0%         N/A       100%        7
 Lehudib's Crystal Spear  Conj/Erth      0%         10d2      100%        8


Dungeon Overview and Level Annotations

Branches:
Dungeon (10/15)            Temple (0/1) D:7            Lair (0/6) D:8
  Sewer (visited)         Ossuary (visited)
    Orc: D:9-12

Shops:
D:3 =

Annotations:
D:8 Harold
D:9 Joseph


Innate Abilities, Weirdness & Mutations

You have an increased reservoir of magic. (+10% MP)
You shall have no god before yourself.
Your divine heritage dramatically boosts your attributes as you level up.


Message History

You are too injured to fight recklessly!
Unknown command.
Shoot: a) +2 shortbow
Press: ? - help, Q - select action, (/) - cycle Shift-Dir - straight line, f/p - Harold
Aim: Harold, wielding a +2 glaive of freezing and wearing a +0 scale mail (moderately wounded, 80% to hit)
You shoot an arrow.
The arrow hits Harold but does no damage.
Harold is moderately wounded.
Harold closely misses you.
Shoot: a) +2 shortbow
Press: ? - help, Q - select action, (/) - cycle Shift-Dir - straight line, f/p - Harold
Aim: Harold, wielding a +2 glaive of freezing and wearing a +0 scale mail (moderately wounded, 80% to hit)
You shoot an arrow. The arrow hits Harold.
Harold is heavily wounded.
Harold closely misses you.
Unknown command.
Shoot: a) +2 shortbow
Press: ? - help, Q - select action, (/) - cycle Shift-Dir - straight line, f/p - Harold
Aim: Harold, wielding a +2 glaive of freezing and wearing a +0 scale mail (heavily wounded, 80% to hit)
You shoot an arrow.
The arrow hits Harold but does no damage.
Harold is heavily wounded.
Harold hits you with a +2 glaive of freezing!
Harold freezes you.
Shoot: a) +2 shortbow
Press: ? - help, Q - select action, (/) - cycle Shift-Dir - straight line, f/p - Harold
Aim: Harold, wielding a +2 glaive of freezing and wearing a +0 scale mail (heavily wounded, 80% to hit)
You shoot an arrow. The arrow hits Harold.
Harold is heavily wounded.
Harold hits you with a +2 glaive of freezing!!
* * * LOW HITPOINT WARNING * * *
Harold freezes you.
* * * LOW HITPOINT WARNING * * *
Shoot: a) +2 shortbow
Press: ? - help, Q - select action, (/) - cycle Shift-Dir - straight line, f/p - Harold
Aim: Harold, wielding a +2 glaive of freezing and wearing a +0 scale mail (heavily wounded, 80% to hit)
You shoot an arrow. The arrow hits Harold!
Harold is severely wounded.
Harold hits you with a +2 glaive of freezing!!
You die...

#... ##### ..##### #... #...
..#$($# ## #...##..####..#)[?#
..# #....#.....#..#$$$# .. #.#
#...#.#.#.#..##### ##..
#.#####..<.............. #....
#........#..#.#.........
..#..##..###@###........######
.###.#...###.@...#.../......#
..#..........................
........####.....#...........#
.##....>...+...........#.....#
........####......#..........#
#####.....##
#..###.#..........#
...........#
#..#{#[...........)
...........#
#..###.......#.#.#.
....#.#.#..#
#......#...........


You could see Harold.

Vanquished Creatures
  A two-headed ogre (D:6)
  An elephant (D:7)
  A komodo dragon (shapeshifter) (D:9)
  A troll (D:8)
  A slime creature (D:8)
  Sigmund (D:2)
  3 wyverns
  2 vampires (D:9)
  A basilisk (D:8)
  2 steam dragons
  Menkaure (D:5)
  3 water moccasins
  3 orc warriors
  3 sky beasts
  2 ice beasts
  A black bear (D:8)
  5 ogres
  2 centaurs
  A phantom (D:7)
  3 kobold brigands
  A bullfrog (D:8)
  8 wights
  A howler monkey (D:7)
  3 crimson imps (D:8)
  2 hounds
  3 orc priests
  2 iguanas
  Ijyb (D:5)
  3 orc wizards
  8 mummies (Ossuary)
  3 gnolls (D:6)
  16 adders
  5 river rats
  A shadow imp (D:8)
  2 white imps (D:6)
  A worm (D:3)
  2 dart slugs
  28 orcs
  2 endoplasms
  8 giant cockroaches
  3 gnoll zombies (Ossuary)
  4 goblins (D:3)
  6 hobgoblins
  12 jackals
  13 kobolds
  4 quokkas
  6 ball pythons
  4 bats
  5 frilled lizards
  A hobgoblin zombie (Ossuary)
  3 kobold zombies (Ossuary)
  An orc zombie (Ossuary)
  9 rats
209 creatures vanquished.

Vanquished Creatures (others)
  An ufetubus (D:6)
  An orc (D:6)
  13 plants
15 creatures vanquished.

Grand Total: 224 creatures vanquished

Notes
Turn   | Place    | Note
-------+----------+-------------------------------------------
     0 | D:1      | Hasart the Demigod Hunter began the quest for the Orb.
     0 | D:1      | Reached XP level 1. HP: 17/17 MP: 3/3
    47 | D:1      | Reached skill level 1 in Stealth
   521 | D:1      | Reached XP level 2. HP: 20/24 MP: 4/4
   749 | D:2      | Noticed Sigmund
   913 | D:2      | Killed Sigmund
   914 | D:2      | Reached skill level 4 in Bows
   914 | D:2      | Reached XP level 3. HP: 6/30 MP: 5/5
   914 | D:2      | Reached XP level 4. HP: 8/37 MP: 6/6
   914 | D:2      | Reached XP level 5. HP: 9/42 MP: 7/7
  1312 | D:2      | Reached skill level 5 in Bows
  1802 | D:3      | Found Zoelene's Jewellery Emporium.
  1977 | D:3      | Found a glowing drain.
  1986 | Sewer    | Entered a sewer
  2012 | Sewer    | Reached XP level 6. HP: 51/51 MP: 8/8
  3963 | D:4      | Found a sand-covered staircase.
  3970 | Ossuary  | Entered an ossuary
  3995 | Ossuary  | Reached XP level 7. HP: 57/57 MP: 9/9
  4589 | D:5      | Entered Level 5 of the Dungeon
  4694 | D:5      | Reached skill level 6 in Bows
  4894 | D:5      | Noticed Menkaure
  4915 | D:5      | Killed Menkaure
  4974 | D:5      | Noticed Ijyb
  4980 | D:5      | Killed Ijyb
  5179 | D:6      | Reached skill level 1 in Evocations
  5264 | D:6      | Noticed a two-headed ogre
  5349 | D:6      | Reached XP level 8. HP: 61/67 MP: 10/10
  5569 | D:5      | Reached skill level 7 in Bows
  5869 | D:7      | Found a staircase to the Ecumenical Temple.
  6082 | D:7      | Reached skill level 5 in Stealth
  6211 | D:7      | Reached skill level 5 in Dodging
  6233 | D:7      | Reached skill level 5 in Fighting
  6703 | D:7      | Reached XP level 9. HP: 66/74 MP: 11/11
  6871 | D:7      | Reached skill level 8 in Bows
  7432 | D:8      | Noticed an elephant
  7561 | D:7      | Killed an elephant
  7627 | D:8      | Found a staircase to the Lair.
  7735 | D:8      | Noticed Harold
  8113 | D:9      | Noticed a six-headed hydra
  8334 | D:8      | Reached skill level 9 in Bows
  8419 | D:9      | Reached XP level 10. HP: 78/83 MP: 13/13
  8507 | D:9      | Noticed Joseph
  8619 | D:6      | Killed a two-headed ogre
  9205 | D:10     | Entered Level 10 of the Dungeon
  9384 | D:8      | HP: 4/84 [Harold/+2 glaive of freezing (2)]
  9385 | D:8      | Demolished by Harold

Illustrated notes

Levels and vault maps discovered:
D:1:      roderic_chinese_lattice_arrival, layout_rooms,
          hellmonk_ecumenical_altar_arch_garden
D:2:      cheibrodos_pilgrimage, layout_basic, amcnicky_mini_corridor_feature,
          uniq_sigmund
D:3:      layout_loops_ring, mainiacjoe_overflow_tiny_flanked,
          gup_sewer_entry_bubbles, serial_shops, shop
D:4:      layout_loops_corners, chequers_ossuary_entry_cave
D:5:      layout_basic, sigmund_army, uniq_ijyb, uniq_menkaure
D:6:      hellmonk_ruined_rings, layout_cave_pools, makhleb_blood_cavern_becter,
          mainiacjoe_overflow_big_doors, st_stairs_2,
          hangedman_decor_peaks_small
D:7:      layout_layer_cave, minmay_temple_entry_mist
D:8:      layout_basic, led_xom_imps, david_lair_generic, serial_glass,
          glass_columns_c, glass_columns_a, glass_columns_b, glass_columns_a,
          glass_columns_a, glass_columns_b, glass_columns_a, glass_columns_a,
          glass_columns_b, glass_columns_a, unseen_surprise_small,
          due_unseen_surprise, minmay_strange_pillars, uniq_harold
D:9:      nzn_winding_woodlands_medium [nzn_winding_woodlands_5x5_open_star,
          nzn_winding_woodlands_5x15_eye, nzn_winding_woodlands_hourglass,
          nzn_winding_woodlands_5x5_three, nzn_winding_woodlands_center_garden,
          nzn_winding_woodlands_5x5_cross, nzn_winding_woodlands_5x5_perimeter,
          nzn_winding_woodlands_5x15_pathside_ponds,
          nzn_winding_woodlands_5x5_default], layout_basic,
          chequers_mini_garden, uniq_joseph
D:10:     layout_roguey, lemuel_round_altar, minmay_misc_feat_tower,
          lemuel_flame_loot_1

Skill      XL: |  1  2  3  4  5  6  7  8  9 |
---------------+----------------------------+-----
Stealth        | 1 2 3 4 5 6 |  6.8
Fighting       | 2 3 4 5 6 |  6.5
Dodging        | 2 3 4 5 6 |  6.4
Bows           | 4 5 6 7 9 |  9.6
Evocations     | 1 3 4 |  4.9

Action                   |  1- 3 |  4- 6 |  7- 9 | 10-12 || total
-------------------------+-------+-------+-------+-------++-------
Melee: Shortbow          |       |       |     2 |       ||     2
 Fire: Shortbow          |    50 |   254 |   459 |   120 ||   883
Evoke: Wand              |       |       |     8 |     8 ||    16
  Use: Scroll            |       |       |    13 |     6 ||    19
       Potion            |       |       |     2 |     1 ||     3
Armor: Leather armour    |     5 |    23 |    22 |       ||    50
       Steam dragon scal |       |       |    35 |       ||    35
       Troll leather arm |       |       |       |    10 ||    10
Dodge: Dodged            |    18 |    84 |   186 |    61 ||   349

Table legend: (Time is in decaauts)
 A = Elapsed time spent in this place.
 B = Non-inter-level travel time spent in this place.
 C = Inter-level travel time spent in this place.
 D = Time resting spent in this place.
 E = Time spent auto-exploring this place.
 F = Levels seen in this place.
 G = Mean time per level.
                   A        B        C        D        E       F      G
               +--------+--------+--------+--------+--------+-----+--------+
         Total |   9744 |   9066 |    678 |    693 |   5926 |  12 |  812.0 |
       Dungeon |   8518 |   7840 |    678 |    693 |   4990 |  10 |  851.8 |
         Sewer |    983 |    983 |      0 |      0 |    815 |   1 |  983.0 |
       Ossuary |    242 |    242 |      0 |      0 |    121 |   1 |  242.0 |
               +--------+--------+--------+--------+--------+-----+--------+

Top non-repeatable levels by time:
     D:7: 1834 daAuts
     D:2: 1052 daAuts
     D:4: 1008 daAuts
   Sewer: 983 daAuts
     D:8: 893 daAuts
     D:3: 805 daAuts
     D:6: 796 daAuts
     D:5: 779 daAuts
     D:1: 769 daAuts
     D:9: 576 daAuts
 Ossuary: 242 daAuts
    D:10: 1 daAuts
